[Event "*** Titled Tuesday Blitz"]
[Site "Chess.com"]
[Date "2020.10.20"]
[Round "8"]
[White "giantslayer83"]
[Black "Zhigalko_Sergei"]
[Result "0-1"]
[WhiteElo "2710"]
[BlackElo "2930"]
[TimeControl "180+1"]
[EndTime "11:38:03 PDT"]
[Termination "Zhigalko_Sergei won by resignation"]

1. d4 Nf6 2. c4 e6 3. Nf3 b6 4. a3 Ba6 5. Qc2 Bb7 6. Nc3 c5 7. e4 cxd4 8. Nxd4 Nc6 9. Nb3 a5 10. Bg5 a4 11. Nd2 Bc5 12. Nf3 h6 13. Bh4 g5 14. Bg3 g4 15. Ne5 Nd4 16. Qd1 Nxe4 17. Nxa4 Qg5 18. Nxc5 bxc5 19. Nd3 Nxg3 20. hxg3 Nf3+ 21.
gxf3 Bxf3 22. Qd2 Bxh1 23. Qxg5 hxg5 24. Nxc5 Bf3 25. Kd2 Rh1 26. Rc1 Ke7 27. Nd3 d6 28.
c5 dxc5 29. Nxc5 Rd8+ 30. Ke3 Rd5 31. b4 f5 32. a4 e5 33. Nd3 f4+ 34. Kd2 e4 35. a5 Rxd3+ 36. Bxd3 Rxc1 37. Kxc1 exd3 38. Kd2 Be4 39. a6 Kd6 40. a7 Kc7 41. a8=Q Bxa8 42.
Kxd3 Kd6 43. Kd4 Bb7 44. b5 Bd5 45. b6 Bb7 46. Kc4 Ke6 47. Kd4 Kd6 48. Kc4 Ba8 49.
Kd4 Bd5 50. Kc3 Kc5 51. Kd3 Kxb6 52. Kd4 Bf3 53. Ke5 fxg3 54. fxg3 Kc5 55. Kf5 Kd4 56. Kxg5 Ke3 57. Kh5 Kf2 58. Kh4 Kg2 59. Kg5 Kxg3 0-1

[Event "*** Titled Tuesday Blitz"]
[Site "Chess.com"]
[Date "2020.10.20"]
[Round "8"]
[White "Loy_Konstantin"]
[Black "doons21"]
[Result "0-1"]
[WhiteElo "2373"]
[BlackElo "2554"]
[TimeControl "180+1"]
[EndTime "11:38:04 PDT"]
[Termination "doons21 won on time"]

1. e4 e6 2. d3 d5 3. Nd2 Nf6 4. Ngf3 Be7 5. g3 c5 6. Bg2 Nc6 7.
O-O b6 8. Re1 Bb7 9. c3 Qc7 10.
Nf1 h6 11. Bf4 Qd8 12. h4 dxe4 13. dxe4 Qxd1 14. Raxd1 Rd8 15. Rxd8+ Kxd8 16. Ne5 Nxe5 17. Bxe5 Kc8 18. Bxf6 Bxf6 19. e5 Be7 20. Rd1 Rd8 21.
Rxd8+ Bxd8 22. f4 Ba6 23. Nd2 f5 24. exf6 gxf6 25. Bf1 Bb7 26. Bg2 Bd5 27. c4 Bb7 28. Bxb7+ Kxb7 29. Kf2 Kc6 30. h5 f5 31. Ke3 Bf6 32. b3 Bd4+ 33. Kf3 a6 34. Nf1 b5 35. g4 fxg4+ 36. Kxg4 bxc4 37. bxc4 Kb6 38. f5 exf5+ 39. Kxf5 Bb2 40. Ke4 Ka5 41. Kd5 Kb4 42. Nd2 Bg7 43. Ne4 Bf8 44. Nf6 a5 45. Nd7 Be7 46. Nb6 a4 47.
Kc6 a3 48. Kd5 Kc3 49. Na4+ Kc2 50. Ke6 Bf8 51. Kf7 Bd6 52. Ke6 Bg3 53. Kd5 Kb1 54.
Nc3+ Kb2 55. Ne4 Kxa2 56. Nxc5 Bf2 57. Nd3 Ba7 58. c5 Kb1 59. Nb4 Bb8 60. Kc4 Kb2 0-1

[Event "*** Titled Tuesday Blitz"]
[Site "Chess.com"]
[Date "2020.10.20"]
[Round "8"]
[White "xberli"]
[Black "Bulldog167"]
[Result "0-1"]
[WhiteElo "2563"]
[BlackElo "2757"]
[TimeControl "180+1"]
[EndTime "11:38:06 PDT"]
[Termination "Bulldog167 won by resignation"]

1. d4 f5 2. c4 Nf6 3. Nc3 e6 4. Nf3 Bb4 5. e3 b6 6. Bd3 Bb7 7. O-O O-O 8. d5 Na6 9. Ne2 Bd6 10. Ng3 Nc5 11. Bc2 a5 12. Nd4 Ng4 13. b3 Qh4 14. Nf3 Qh6 15. e4 f4 16. Rb1 Ne5 17. Nxe5 Bxe5 18.
Ne2 Qh5 19. f3 Rf6 20. Rf2 Rh6 21. h3 Qg5 22. Kf1 Ba6 23. Bb2 Bxb2 24. Rxb2 b5 25. Qd4 d6 26. e5 bxc4 27. bxc4 Qxe5 28. Qxe5 dxe5 29. dxe6 Bxc4 30. e7 Re6 31. Kg1 Rxe7 32. Nc3 Rd8 33. Ne4 Nxe4 34. Bxe4 Rd1+ 35. Kh2 Bd5 36.
Rfd2 Rxd2 37. Rxd2 Bxe4 38. fxe4 c6 39. Rc2 Kf7 40.
Rc5 Kf6 41. Rxc6+ Re6 42. Rc5 Rd6 43. Rxa5 Rd4 44. Ra6+ Kg5 45. Ra7 Kh6 46. Ra6+ g6 47.
Re6 Rxe4 48. a4 Re2 49. Kg1 Kg5 50.
a5 Kf5 51. Re7 Ra2 52. Rxh7 Rxa5 53. Rf7+ Ke6 54. Rg7 Kf6 55. Rb7 g5 56. Kf2 e4 57.
g4 Ra2+ 58. Kf1 Ke5 59. Rb5+ Kd4 60. Rxg5 f3 61. Rg8 Ke3 62. Kg1 Ra1+ 63. Kh2 f2 64.
Rf8 f1=Q 65. Rxf1 Rxf1 66. h4 Kf4 67. g5 e3 0-1

[Event "*** Titled Tuesday Blitz"]
[Site "Chess.com"]
[Date "2020.10.20"]
[Round "8"]
[White "Shuvalov"]
[Black "Kildepiotr"]
[Result "1/2-1/2"]
[WhiteElo "2487"]
[BlackElo "2663"]
[TimeControl "180+1"]
[EndTime "11:38:06 PDT"]
[Termination "Game drawn - insufficient material"]

1. Nf3 g6 2. c4 Bg7 3. d4 d6 4. e4 Nd7 5. Nc3 e5 6. Be3 Ngf6 7. Be2 O-O 8. O-O Ng4 9. Bg5 Bf6 10. Bxf6 Ngxf6 11. Re1 Re8 12. Bf1 exd4 13. Nxd4 Nc5 14. f3 a5 15. Ndb5 Bd7 16. Qd2 Bxb5 17. Nxb5 Qe7 18. Rad1 b6 19. b3 Ne6 20. e5 dxe5 21. Rxe5 Rad8 22.
Qe1 Rxd1 23. Qxd1 Rd8 24. Qe1 Qb4 25. Qh4 Kg7 26. Re1 Rd2 27. a3 Qxb3 28. c5 Qc2 29.
cxb6 cxb6 30. a4 Qc5+ 31. Kh1 Nd4 32. Qf4 Nb3 33. h3 Qf2 34. Rb1 Nd4 35. Nxd4 Rxd4 36. Qe5 Rb4 37. Rc1 Qd4 38. Qxd4 Rxd4 39. Rc6 Nd5 40.
Bb5 Kf8 41. Rd6 Ke7 42. Rd7+ Ke6 43. Rd8 Rd1+ 44. Kh2 Nc3 45. Rb8 Nxb5 46. axb5 Rd6 47.
h4 h5 48. Kg3 Kd5 49. Rc8 a4 50. Ra8 Kc5 51. Rxa4 Kxb5 52. Ra7 Kc4 53. Rxf7 b5 54.
Rc7+ Kb3 55. Kf4 b4 56. Rb7 Kc3 57. Kg5 b3 58. g4 hxg4 59. fxg4 b2 60. h5 gxh5 61.
gxh5 Rd4 62. Rxb2 Kxb2 63. h6 Kc3 64. h7 Rd8 65. Kg6 Kd4 66. Kg7 Ke5 67. h8=Q Rxh8 68. Kxh8 1/2-1/2

[Event "*** Titled Tuesday Blitz"]
[Site "Chess.com"]
[Date "2020.10.20"]
[Round "8"]
[White "Jumbo"]
[Black "As0nchess"]
[Result "1-0"]
[WhiteElo "2784"]
[BlackElo "2618"]
[TimeControl "180+1"]
[EndTime "11:38:07 PDT"]
[Termination "Jumbo won by resignation"]

1. d4 Nf6 2. Bf4 d5 3. e3 e6 4. Nf3 Bd6 5. Bg3 O-O 6. c4 c5 7.
dxc5 Bxc5 8. Nc3 Nc6 9. a3 d4 10. Na4 Bb6 11. c5 Ba5+ 12. b4 Nxb4 13. axb4 Bxb4+ 14. Ke2 Bd7 15. Nxd4 Ne4 16. Qb1 Bc3 17. Ra3 Bxa4 18.
Qxe4 Qa5 19. Qd3 Bd1+ 20. Qxd1 Qxa3 21. Qb3 Qxc5 22. Nb5 Bf6 23. Bd6 Qh5+ 24. f3 Rfc8 25. Kf2 Rc6 26. g4 Qg6 27. Bd3 Qh6 28. Kg2 a6 29.
Bf4 Bg5 30. Nd4 Rcc8 31. Ne2 Bxf4 32. exf4 Qf6 33. Qxb7 Rd8 34. Qe4 g6 35. h4 Qb2 36.
h5 Rab8 37. hxg6 hxg6 38. Kg3 Rb4 39. Qe3 Rb3 40. Nc1 Qd4 41. Qxd4 Rxd4 42. Nxb3 Rxd3 43. Nc5 Ra3 44. Rb1 Kg7 45. g5 a5 46. Rb7 Kg8 47.
Ne4 Kf8 48. Nf6 a4 49. Ra7 Ra1 50. Ne4 a3 51. Kg2 Ke8 52. Nd6+ Kf8 53. Nxf7 a2 54. Ne5 Kg8 55. Nxg6 Rg1+ 56. Kxg1 1-0

[Event "*** Titled Tuesday Blitz"]
[Site "Chess.com"]
[Date "2020.10.20"]
[Round "8"]
[White "ChessQueen"]
[Black "ViditYT"]
[Result "1/2-1/2"]
[WhiteElo "2712"]
[BlackElo "2912"]
[TimeControl "180+1"]
[EndTime "11:38:08 PDT"]
[Termination "Game drawn by repetition"]

1. e4 c5 2. c3 d5 3. exd5 Qxd5 4. d4 Nf6 5. Nf3 e6 6. Be2 Be7 7. O-O O-O 8. c4 Qd8 9. dxc5 Nbd7 10. c6 bxc6 11. Nc3 c5 12. Bf4 Bb7 13. h3 Qb6 14.
Qc2 Bc6 15. Rfd1 Rfd8 16. Rab1 Qb7 17. a3 h6 18. Nb5 Be4 19. Bd3 Bxf3 20. gxf3 Qxf3 21.
Bg3 Nb6 22. b4 Rd7 23. Be2 Qc6 24. Rxd7 Nbxd7 25. Qd3 Ne4 26. Bf3 f5 27. Nc7 Rd8 28. b5 Qb6 29. Bxe4 Nf6 30. Bd5 exd5 31. Nxd5 Nxd5 32. cxd5 Qf6 33. Re1 f4 34. Bh2 Bd6 35. Re6 Qg5+ 36. Kf1 Qh5 37. a4 c4 38. Qg6 Qxh3+ 39.
Kg1 Qa3 40. Re8+ Rxe8 41. Qxe8+ Kh7 42. Qe4+ Kg8 43. Qe6+ Kh7 44. Qf5+ Kg8 45. Qe6+ Kf8 46. Qf5+ Ke7 47. Bxf4 Bxf4 48. Qxf4 c3 49. Qe5+ Kd8 50. Qb8+ Kd7 51. Qb7+ Kd6 52. Qc6+ Ke5 53. d6 Qxd6 54.
Qxc3+ Kf5 55. Qf3+ Ke6 56. Qe4+ Kf6 57. Qf3+ Ke6 58.
Qe4+ Kd7 59. Qb7+ Qc7 60. Qd5+ Kc8 61. Qa8+ Kd7 62. Qd5+ Kc8 63. Qa8+ Kd7 64. Qd5+ 1/2-1/2

[Event "*** Titled Tuesday Blitz"]
[Site "Chess.com"]
[Date "2020.10.20"]
[Round "8"]
[White "juancruzarias"]
[Black "Chessalary"]
[Result "0-1"]
[WhiteElo "2533"]
[BlackElo "2372"]
[TimeControl "180+1"]
[EndTime "11:38:08 PDT"]
[Termination "Chessalary won by resignation"]

1. d4 Nf6 2. Nf3 g6 3. Bg5 Bg7 4. Nbd2 O-O 5. c3 d5 6. e3 c6 7.
Be2 Bg4 8. O-O Bxf3 9. Nxf3 Nbd7 10. a4 h6 11. Bh4 Re8 12. b4 e5 13. Qb3 exd4 14.
cxd4 g5 15. Bg3 Ne4 16. Rfc1 h5 17. b5 h4 18. Be5 Nxe5 19. dxe5 c5 20. Rd1 c4 21.
Qb4 Bf8 22. Qb2 Rc8 23. Rac1 c3 24.
Qb3 Rc5 25. Bd3 Qc7 26. Bxe4 dxe4 27. Nxg5 Rexe5 28. Nh3 c2 29. Rd2 Rc3 30. Rdxc2 Rxc2 31. Rxc2 Qd7 32. Rc1 Rd5 33. Rf1 Bd6 34. Kh1 Rd3 35. Qc4 Qe7 36. Qc8+ Kg7 37. Qg4+ Kf8 38. Ng5 Qe5 39. g3 Rd5 40. Nxe4 f5 41. Qg6 Qxe4+ 42. Kg1 hxg3 43. hxg3 Qg4 44. Qe6 Qe4 45. Qh6+ Kf7 46. Rc1 Rc5 47. Rd1 Be7 48. Qh5+ Ke6 49. Qg6+ Bf6 50. Qg8+ Ke7 51. Qd8+ Kf7 52. Rd7+ Be7 53. Rxe7+ Qxe7 54. Qd3 Rc1+ 55. Kg2 Qe4+ 0-1

[Event "*** Titled Tuesday Blitz"]
[Site "Chess.com"]
[Date "2020.10.20"]
[Round "8"]
[White "Mr_Sinigami"]
[Black "Gloomy_Wanderer"]
[Result "0-1"]
[WhiteElo "2502"]
[BlackElo "2700"]
[TimeControl "180+1"]
[EndTime "11:38:11 PDT"]
[Termination "Gloomy_Wanderer won on time"]

1. d4 Nf6 2. Nf3 e6 3. Bf4 b6 4. e3 Be7 5. h3 O-O 6. Be2 c5 7. O-O cxd4 8. exd4 Ba6 9. c3 d6 10. Bxa6 Nxa6 11. a4 Nc7 12. Re1 h6 13. Nbd2 Re8 14. Bh2 Qd7 15. Re2 Qc6 16. Ne1 Bf8 17. Nd3 Rec8 18.
Qb3 a6 19. Nc4 b5 20. Nd2 Ncd5 21. Ree1 Nb6 22. axb5 axb5 23. Nb4 Qd7 24. Nc2 d5 25. Nb4 Nc4 26. Nf3 Ra4 27. Nd3 Rca8 28. Rab1 Ne4 29.
Nfe5 Qe8 30. Qc2 Ra2 31. Qd1 Nxe5 32. Nxe5 Nd6 33. Ng4 b4 34. cxb4 Qb5 35. Bf4 Nf5 36. Ne3 Ne7 37. Qg4 Ng6 38. Bg3 Qxb4 39. Red1 Rxb2 40.
Rbc1 Qe7 41. h4 Rd8 42. h5 Nh8 43. Bh4 f6 44. Re1 Qf7 45. Nf1 Rb6 46. Rc3 Re8 47. Rf3 Kh7 48. Nh2 g5 49. hxg6+ Nxg6 50. Bg3 f5 51.
Qh3 Bg7 52. Rd1 Rb7 53. Ng4 Qe7 54. Ne5 Bxe5 55. dxe5 Rg8 56. Qh5 Qg5 57. Qh3 f4 58. Bh2 Nh4 59. Rxf4 Nxg2 0-1

[Event "*** Titled Tuesday Blitz"]
[Site "Chess.com"]
[Date "2020.10.20"]
[Round "8"]
[White "chessmachine14"]
[Black "AntonovaNadezhda"]
[Result "0-1"]
[WhiteElo "2316"]
[BlackElo "2112"]
[TimeControl "180+1"]
[EndTime "11:38:12 PDT"]
[Termination "AntonovaNadezhda won by checkmate"]

1. e4 c5 2. Nf3 d6 3. d4 cxd4 4.
Nxd4 Nf6 5. Nc3 a6 6. Be3 e5 7. Nb3 Be7 8. f3 h5 9. Qd2 Be6 10.
a4 Nbd7 11. a5 Qc7 12. Be2 Rc8 13. O-O O-O 14. Nc1 Nc5 15. N1a2 Qc6 16. Nb4 Qc7 17.
Nbd5 Bxd5 18. Nxd5 Nxd5 19. Qxd5 Nd7 20. c3 Rfd8 21.
Rfd1 Nf6 22. Qb3 Rd7 23. Rd2 Qc6 24. Rad1 Nh7 25. Bd3 Bg5 26. Bxg5 Nxg5 27. Bb1 Ne6 28.
Qd5 Qc7 29. Ba2 Nf4 30. g3 Nxd5 31. Rxd5 h4 32. Kg2 Qd8 33. R1d2 Rc5 34. R5d3 Rxa5 35. Bd5 Rc5 36. b4 Rcc7 37. Re2 Qg5 38. Ree3 Kf8 39.
Bb3 f5 40. exf5 Qxf5 41. Bd5 Qg5 42. Kf2 b5 43. Be6 Rd8 44. Rd5 Ke7 45. f4 Qf6 46.
Bg4 Kf8 47. Kg2 exf4 48. Rf3 hxg3 49. hxg3 Rxc3 50. Rf5 Qxf5 51. Bxf5 Rxf3 52. Kxf3 fxg3 53. Kxg3 Ke7 54. Kf3 Kf6 55. Ke4 Re8+ 56. Kf4 Re1 57. Bc8 Ra1 58. Ke4 Ra4 59. Kd5 Rxb4 60. Kxd6 a5 61. Kc5 Rb2 62. Ba6 b4 63. Bc4 Ke5 64.
Kb5 b3 65. Ka4 Rc2 66. Kxb3 Rxc4 67. Kxc4 g5 68. Kd3 Kf4 69. Ke2 a4 70. Kf2 a3 71.
Kg2 a2 72. Kh3 a1=Q 73. Kh2 Qb2+ 74. Kg1 Qd4+ 75. Kf1 Qd2 76. Kg1 Kg3 77. Kh1 Qg2# 0-1

[Event "*** Titled Tuesday Blitz"]
[Site "Chess.com"]
[Date "2020.10.20"]
[Round "8"]
[White "ShcufNaiRolf"]
[Black "Margarita2907"]
[Result "1-0"]
[WhiteElo "2315"]
[BlackElo "2169"]
[TimeControl "180+1"]
[EndTime "11:38:12 PDT"]
[Termination "ShcufNaiRolf won on time"]

1. e4 c5 2. Nf3 d6 3. d4 cxd4 4. Nxd4 Nf6 5. Nc3 a6 6. h4 e6 7. g4 Nc6 8. g5 Nd7 9. Be3 Nc5 10. Nxc6 bxc6 11. Bxc5 dxc5 12. Qxd8+ Kxd8 13. O-O-O+ Kc7 14. e5 h6 15. Rg1 hxg5 16. hxg5 a5 17. Ne4 Ba6 18.
Bxa6 Rxa6 19. g6 Rh4 20. Ng5 Be7 21. gxf7 Bxg5+ 22. Rxg5 Ra8 23. Rxg7 Rf8 24. Rd6 Rf4 25. Rxe6 Rxf2 26. Rf6 Rxf6 27. exf6 Kd7 28. Kd2 Ke6 29. Kc3 Kxf6 30. Rg8 Rxf7 31. Rc8 Ke5 32. Rxc6 Kd5 33.
Ra6 Rf3+ 34. Kd2 Kc4 35. Rxa5 Rf2+ 36. Kd1 Kb4 37. Ra3 Kc4 38. Re3 Rf1+ 39. Kd2 Rf2+ 40. Re2 Rf7 41. a3 Rb7 42. b3+ Kd4 43. Rh2 Ra7 44.
Rh4+ Kd5 45. a4 Rg7 46. Kc3 Rg3+ 47. Kb2 Rg2 48. Rc4 Kc6 49. b4 Kb6 50. Rxc5 Rg4 51. Kb3 Rg3+ 52. c3 Rg4 53. a5+ Kb7 54. Rh5 Rg6 55. b5 Kc7 56. c4 Kb8 57. Kb4 Rg8 58. Rh7 Rc8 59. b6 Rd8 60. Kb5 Rc8 61. c5 Rd8 62. c6 Rc8 63. a6 1-0

[Event "*** Titled Tuesday Blitz"]
[Site "Chess.com"]
[Date "2020.10.20"]
[Round "8"]
[White "JonahWillow"]
[Black "SanchezKelvin"]
[Result "1-0"]
[WhiteElo "2648"]
[BlackElo "2421"]
[TimeControl "180+1"]
[EndTime "11:38:19 PDT"]
[Termination "JonahWillow won on time"]

1. e4 c5 2. Nf3 d6 3. d4 cxd4 4. Qxd4 Nc6 5. Bb5 Qa5+ 6. Nc3 Qxb5 7. Nxb5 Nxd4 8. Nfxd4 Kd8 9. Be3 Bd7 10. O-O-O e5 11. Nxa7 exd4 12. Bxd4 Kc7 13. Rd3 b6 14. Rb3 Rxa7 15.
Bxb6+ Kb7 16. Bxa7+ Kxa7 17. Rd1 Nf6 18. Rd4 Be7 19. f4 Rb8 20. Ra3+ Kb7 21. e5 Ne8 22. Rb4+ Kc8 23. Rc4+ Kd8 24. Ra7 d5 25. Rc3 Rc8 26. Rd3 Nc7 27. h3 Bf5 28. Rb3 Bc5 29. Ra5 Ne6 30. g4 Be4 31. f5 Nd4 32. Rb7 Bf8 33. c3 Ne2+ 34. Kd2 Nf4 35. Rxf7 Ke8 36. e6 Nd3 37.
Raa7 Nxb2 38. g5 Nc4+ 39. Ke1 Nd6 40. Rfd7 Nxf5 41. a4 Nd6 42. e7 Bxe7 43. Rxe7+ Kf8 44. Rxg7 Re8 45. Kf2 Bg6 46. Rgd7 Ne4+ 47. Kg1 Nxg5 48. a5 Nxh3+ 49. Kh2 Nf4 50. a6 Re2+ 51. Kg3 Ne6 52. Ra8+ Be8 53. Rxh7 Ng7 54. a7 Ra2 55. Rh8+ Kf7 56.
Rh7 Kf8 57. Kf4 Kf7 58. Ke5 Kg6 59. Rh1 Bc6 60. Rg1+ Kf7 61. Rc8 Ne8 62. Rxc6 Ra6 63. Rf1+ Ke7 64. Rxa6 Nc7 65. a8=Q 1-0

[Event "*** Titled Tuesday Blitz"]
[Site "Chess.com"]
[Date "2020.10.20"]
[Round "8"]
[White "Oglob71"]
[Black "Jungle_Jaguar"]
[Result "1/2-1/2"]
[WhiteElo "2448"]
[BlackElo "2593"]
[TimeControl "180+1"]
[EndTime "11:38:19 PDT"]
[Termination "Game drawn by repetition"]

1. d4 Nf6 2. Nf3 g6 3. c4 Bg7 4.
Nc3 d6 5. Bg5 O-O 6. e3 c5 7. d5 Qb6 8. Qb3 Bf5 9. Nd2 e5 10.
e4 Bd7 11. Be2 h6 12. Be3 Na6 13.
O-O Kh7 14. Qc2 Qd8 15. a3 Ne8 16. f3 f5 17. Rab1 f4 18. Bf2 g5 19. b4 b6 20. Nb5 Qe7 21. h3 Rf7 22. Rfc1 Bf8 23. Qd1 Rg7 24. bxc5 Nxc5 25. Bxc5 dxc5 26. a4 h5 27. a5 g4 28. hxg4 hxg4 29. fxg4 Nf6 30. d6 Qf7 31. Nc7 Rb8 32. axb6 axb6 33. Nd5 Nxg4 34.
Qe1 Nh6 35. Qh4 Bxd6 36. Bh5 Be7 37. Nxe7 Qxe7 38. Qxe7 Rxe7 39. Nf3 Bc6 40. Rd1 Bxe4 41. Ng5+ Kg7 42. Nxe4 Nf5 43. Bf3 Nd4 44. Kf2 Ra7 45.
Rb2 Ra4 46. Rc1 Ra5 47. Nc3 Ra3 48. Nd5 b5 49. cxb5 Rxb5 50. Rxb5 Nxb5 51. Rxc5 Ra2+ 52. Kg1 Nd4 53. Be4 Ra1+ 54. Kh2 Re1 55. Nc3 Re3 56. Bd5 Nf5 57. Ne4 Re2 58. Kh3 Ne3 59. Ng5 Re1 60. Kh2 Nf1+ 61. Kh3 Ne3 62. Kh2 Nf1+ 63. Kh3 Ne3 1/2-1/2

[Event "*** Titled Tuesday Blitz"]
[Site "Chess.com"]
[Date "2020.10.20"]
[Round "8"]
[White "Rubinstein_Akiba"]
[Black "vinniethepooh"]
[Result "0-1"]
[WhiteElo "2377"]
[BlackElo "2557"]
[TimeControl "180+1"]
[EndTime "11:38:22 PDT"]
[Termination "vinniethepooh won by checkmate"]

1. e4 c5 2. Be2 d6 3. f4 Nc6 4. Nf3 Nf6 5. d3 g6 6. O-O Bg7 7. Qe1 O-O 8. Qh4 e6 9. c3 Nh5 10. Qxd8 Rxd8 11. Be3 b5 12. d4 cxd4 13. cxd4 a6 14.
Nbd2 Bb7 15. a4 Nb4 16. Rfc1 Rac8 17. Ne1 Nf6 18. axb5 axb5 19. Bf3 d5 20. e5 Ne4 21. Be2 Bc6 22. Nb3 Bf8 23. Nd3 Nxd3 24. Bxd3 Bb4 25. g3 h5 26. Kg2 Kg7 27. Kf3 h4 28. Ke2 hxg3 29. hxg3 Nxg3+ 30. Kf3 Ne4 31. Ra6 Be8 32. Rb6 Rxc1 33. Bxc1 g5 34. Bxb5 Bxb5 35. Rxb5 Bf8 36.
fxg5 Kg6 37. Be3 Be7 38. Rb7 Bxg5 39. Bxg5 Nxg5+ 40. Kf4 Rh8 41. Nc5 Rh4+ 42. Ke3 Rh3+ 43. Kd2 Nf3+ 44. Kd1 Nxd4 45. b4 Nc6 46. Nd7 Rb3 47.
b5 Nd4 48. Rb8 Rxb5 49. Rg8+ Kf5 50. Rg7 Nc6 51. Rxf7+ Ke4 52. Re7 Nxe7 53. Nf6+ Kxe5 54. Nd7+ Kd6 55. Nf6 Nc6 56. Ne8+ Kc5 57. Nc7 e5 58. Ne6+ Kc4 59. Nc7 d4 60. Ne6 e4 61. Nc7 e3 62.
Ne6 d3 63. Nf4 Rb1# 0-1

[Event "*** Titled Tuesday Blitz"]
[Site "Chess.com"]
[Date "2020.10.20"]
[Round "8"]
[White "swimmerchess"]
[Black "valeriocarnicelli"]
[Result "1-0"]
[WhiteElo "2779"]
[BlackElo "2593"]
[TimeControl "180+1"]
[EndTime "11:38:24 PDT"]
[Termination "swimmerchess won by resignation"]

1. e4 c5 2. Nf3 Nc6 3. Nc3 e6 4. d4 cxd4 5. Nxd4 Nf6 6. Ndb5 d6 7. Bf4 e5 8. Bg5 a6 9. Na3 b5 10. Nd5 Be7 11. Bxf6 Bxf6 12. c3 O-O 13. Nc2 Bg5 14.
a4 bxa4 15. Rxa4 a5 16. Bc4 g6 17. b4 Ne7 18. O-O Bd7 19. b5 Nxd5 20. Qxd5 Rc8 21. Rd1 Be7 22. Qd3 Qb6 23. Ne3 Be6 24. Nd5 Bxd5 25. Bxd5 Bd8 26. c4 Qc5 27. g3 Bb6 28.
Ra2 Kg7 29. Kg2 f5 30. f3 Rf6 31. Qa3 fxe4 32. Bxe4 Qxa3 33. Rxa3 Rxc4 34. Rad3 Rd4 35.
Rxd4 Bxd4 36. Rc1 Bc5 37. Rb1 Bb6 38. Rc1 Bc5 39. Rb1 Rf8 40. b6 Rb8 41. b7 a4 42. Rb5 a3 43. Ra5 d5 44. Bxd5 Bd6 45.
Kf2 Kf6 46. Ke3 Ke7 47. Ke4 h6 48. h4 Kd7 49. Ra6 Kc7 50. Rc6+ Kd7 51. Ra6 Kc7 52. g4 Kd7 53. g5 hxg5 54. hxg5 Rf8 55. Kd3 Rb8 56. Kc4 Kc7 57. Kb5 Kd7 58. Kb6 Rf8 59.
Bc6+ Ke7 60. Ra8 Bb8 61. Bd5 Kd6 62. Be4 Bc7+ 63. Kb5 Bb8 64. Ra6+ Kc7 65. Rc6+ Kd7 66. Rxg6 a2 67. Ra6 Kc7 68. Rxa2 Rg8 69. g6 Rg7 70. Rc2+ Kd8 71. Rc8+ 1-0

[Event "*** Titled Tuesday Blitz"]
[Site "Chess.com"]
[Date "2020.10.20"]
[Round "8"]
[White "esapunov"]
[Black "arminmusovic"]
[Result "0-1"]
[WhiteElo "2751"]
[BlackElo "2583"]
[TimeControl "180+1"]
[EndTime "11:38:28 PDT"]
[Termination "arminmusovic won by resignation"]

1. c4 e5 2. Nf3 e4 3. Nd4 Nc6 4. Nc2 Nf6 5. Nc3 d6 6. Ne3 Be7 7. g3 O-O 8. Bg2 Re8 9. Nxe4 Nxe4 10. Bxe4 Bf6 11. Bg2 g6 12. O-O h5 13. Nd5 Bg7 14.
h3 Be6 15. d3 Qc8 16. Kh2 h4 17. g4 Ne7 18. Bg5 Nxd5 19. cxd5 Bxg4 20. Re1 Bh5 21.
Bxh4 Bxb2 22. Rb1 Bc3 23. f3 b6 24. e4 c5 25. dxc6 Qxc6 26. Rc1 b5 27. Bf6 b4 28.
Qe2 d5 29. e5 d4 30. Qf2 Qb5 31. Qg3 Re6 32. Qf4 Qc5 33. Kh1 Qf8 34. Rg1 Kh7 35.
Qg5 Qh6 36. Qg3 Rae8 37. f4 Bd2 38. Rcf1 Be3 39. Be4 Rxf6 40. exf6 Bxg1 41. Kxg1 a5 42. Qg5 Qxg5+ 43. fxg5 a4 44. Rb1 Rb8 45. Kf2 Kg8 46.
Ke1 Kf8 47. Kd2 Ke8 48. Rc1 Kd7 49. Rc5 b3 50. axb3 axb3 51. Kc1 Kd6 52. Rc4 Ke5 53. Kb2 Bd1 54. Rc7 Rf8 55. Rd7 Kf4 56. Rd5 Rc8 57. h4 Rc2+ 58. Kb1 Rh2 59. Rc5 Ke3 60. Rc7 Bc2+ 61. Kb2 Bxd3+ 62. Ka3 Bxe4 63. Rxf7 Rxh4 64. Re7 Rf4 65. Kxb3 d3 66. Kc3 Ke2 67. Rd7 Ke3 68. Re7 Rf5 69. Re8 Rc5+ 70. Kb4 Rc7 71. Kb3 d2 72.
Rd8 Rc5 73. Rd7 Rd5 74. Re7 d1=Q+ 0-1

[Event "*** Titled Tuesday Blitz"]
[Site "Chess.com"]
[Date "2020.10.20"]
[Round "8"]
[White "Azatic"]
[Black "Mazetovic"]
[Result "1-0"]
[WhiteElo "2578"]
[BlackElo "2734"]
[TimeControl "180+1"]
[EndTime "11:38:29 PDT"]
[Termination "Azatic won by resignation"]

1. e4 c5 2. Nf3 Nc6 3. Nc3 g6 4. d4 cxd4 5. Nxd4 Bg7 6. Nb3 Nf6 7. Be2 O-O 8. O-O d6 9. Re1 a6 10. Bf1 b5 11. Bg5 Bb7 12. Nd5 Nd7 13. c3 h6 14. Bh4 Re8 15. Qd2 g5 16. Bg3 e6 17.
Ne3 Nde5 18. Rad1 Bf8 19. c4 b4 20. Qc2 a5 21. c5 a4 22. Nd4 Nxd4 23. Rxd4 Qf6 24.
cxd6 Nf3+ 25. gxf3 Qxd4 26. Rd1 Qg7 27. d7 Red8 28. Bc7 Be7 29. Bxd8 Bxd8 30. Qd2 Qf8 31. Nc4 Qe7 32. Qd4 Bc7 33. Ne3 Bd8 34. Ng4 h5 35.
Ne3 Qf6 36. e5 Qf4 37. Be2 Qxd4 38. Rxd4 b3 39. axb3 axb3 40. Rb4 Bc6 41. Bb5 Bxb5 42. Rxb5 Kf8 43. Rxb3 Ra7 44. Rd3 Ke7 45. Kg2 Rxd7 46. Rxd7+ Kxd7 47. Nc4 Kc6 48. f4 g4 49. f3 Kd5 50. b3 Bh4 51. h3 gxh3+ 52. Kxh3 Be7 53. Kg3 Kd4 54. Nd2 Kc3 55. Ne4+ Kxb3 56. Nd6 Kb4 57. Nxf7 Kc5 58. Nh8 Kd5 59. Ng6 Bd8 60. Nh4 Kd4 61.
Ng2 Kd3 62. Ne1+ Ke3 63. Nc2+ Ke2 64. Nd4+ Ke3 65. Nxe6 Be7 66. f5 h4+ 67. Kg4 h3 68.
Kxh3 Kxf3 69. f6 Ba3 70. Nd4+ Ke4 71. e6 Ke5 72. e7 Kxf6 1-0

[Event "*** Titled Tuesday Blitz"]
[Site "Chess.com"]
[Date "2020.10.20"]
[Round "8"]
[White "MidnightFox"]
[Black "GothamChess"]
[Result "0-1"]
[WhiteElo "2430"]
[BlackElo "2604"]
[TimeControl "180+1"]
[EndTime "11:38:29 PDT"]
[Termination "GothamChess won by resignation"]

1. Nf3 f5 2. c4 Nf6 3. d4 g6 4. Nc3 Bg7 5. g3 O-O 6. Bg2 b6 7. Ne5 c6 8. O-O Bb7 9. b3 d6 10. Nd3 e6 11. Bb2 Qe7 12. Rc1 Nbd7 13. e3 e5 14. Re1 e4 15. Nf4 g5 16. Nh5 Nxh5 17.
Qxh5 h6 18. Qe2 Nf6 19. Qc2 h5 20. b4 h4 21. b5 c5 22. d5 Ng4 23. h3 Ne5 24. Rcd1 Nd3 25. Rxd3 exd3 26. Qxd3 hxg3 27. fxg3 Rae8 28. Nd1 Bc8 29. Bxg7 Qxg7 30. Nf2 f4 31. g4 f3 32. Bf1 Rf6 33. e4 Rh6 34. Qxf3 Rf8 35.
Qg3 Qd4 36. Qe3 Qg7 37. Bg2 Bd7 38. Nh1 Qe5 39. Ng3 Rhf6 40. Nf5 Rg6 41. Rf1 Re8 42. Qf2 Kh7 43. Ne3 Rg7 44. Nf5 Rf7 45. Qd2 Kg6 46. h4 Qf6 47. h5+ Kh7 48. Ne3 Qg7 49. Nf5 Qg8 50.
Qe3 Bxf5 51. gxf5 Qg7 52. Qf3 Qe5 53. Qg4 Rg8 54. f6 Rxf6 55. Rxf6 Qxf6 56. Qd7+ Rg7 57. Qg4 Qd4+ 58. Kh2 Qe5+ 59. Kh1 Qf4 60. Qe6 Qc1+ 61.
Kh2 Qf4+ 62. Kg1 g4 63. h6 Qc1+ 64. Kh2 Qxh6+ 65. Qxh6+ Kxh6 66. Kg3 Kg5 67. Bf1 Re7 68. Be2 Rxe4 69. Bd1 Rd4 70. Be2 Rd2 71. Bxg4 Rd3+ 72. Bf3 Ra3 73. Kf2 Kf4 74. Be2 Rxa2 75. Ke1 Ke3 76.
Bd1 Ra1 77. Kf1 Rxd1+ 0-1

[Event "*** Titled Tuesday Blitz"]
[Site "Chess.com"]
[Date "2020.10.20"]
[Round "8"]
[White "northridgehawk"]
[Black "Teo2000"]
[Result "1/2-1/2"]
[WhiteElo "2243"]
[BlackElo "2441"]
[TimeControl "180+1"]
[EndTime "11:38:29 PDT"]
[Termination "Game drawn - insufficient material"]

1. e4 c5 2. Nf3 d6 3. d4 Nf6 4. Nc3 cxd4 5. Nxd4 a6 6. h3 e6 7. g4 d5 8. e5 Nfd7 9. Bf4 Qb6 10. Nb3 Nc6 11. Qe2 g6 12. O-O-O Bg7 13. Nxd5 exd5 14.
e6 Nf6 15. exf7+ Kxf7 16. Bg2 Re8 17. Qd2 Be6 18. Rhe1 Rad8 19. Bh6 Ne4 20. Qf4+ Kg8 21. Bxg7 Kxg7 22. Bxe4 dxe4 23. Rxd8 Qxd8 24. Nc5 Bxa2 25. Rxe4 Rxe4 26. Qxe4 Bd5 27. Qe3 Qe7 28. Qc3+ Qe5 29.
Qd2 Qd4 30. Nxb7 Qxd2+ 31. Kxd2 Kf6 32. Nc5 g5 33. Nxa6 Bg2 34. b4 Bxh3 35. b5 Nd8 36. f3 Bf1 37. Nc7 Ke5 38. Ke3 Bc4 39. b6 Kd6 40. Ne8+ Kc6 41. Nf6 h6 42. Kd4 Bf7 43.
c4 Kxb6 44. Ne4 Nc6+ 45. Ke3 Kc7 46. Ng3 Bxc4 47. Nf5 Be6 48. Nxh6 Ne5 49. Ke4 Kd6 50. f4 Bd5+ 51. Kf5 gxf4 52. Kxf4 Nd3+ 53. Kf5 Be6+ 54.
Kf6 Ne5 55. g5 Nd7+ 56. Kg7 Ke7 57. g6 Ne5 58. Kh7 Bd5 59. g7 Be4+ 60. Kh8 Ng6+ 61. Kg8 Ke8 62. Ng4 Bc2 63. Nf6+ Ke7 64. Nd5+ Ke6 65. Ne3 Bb1 66. Nc4 Kf6 67. Nd6 Kg5 68. Nf7+ Kh5 69. Nh8 Ne7+ 70. Kf7 Ba2+ 71. Kf8 Kh6 72.
Nf7+ Bxf7 73. Kxe7 Kxg7 1/2-1/2